 Dungeon Crawl Stone Soup version 0.31-a0-986-g5e6e4ef867 (webtiles) character file.

Game seed: 12365068570283785549

666 Elsrick the Poker (level 7, -3/51 HPs)
             Began as a Gnoll Wanderer on Nov 4, 2023.
             Slain by a black bear (5 damage)
             ... on level 5 of the Dungeon.
             The game lasted 00:24:06 (4434 turns).

Elsrick the Poker (Gnoll Wanderer)                  Turns: 4434, Time: 00:24:07

Health: -3/51      AC: 13    Str: 14    XL:     7   Next: 57%
Magic:  11/12      EV: 13    Int: 13    God:
Gold:   187        SH:  0    Dex: 15    Spells: 11/13 levels left

rFire   x x .        z - +2 spear (distort)
rCold   x x .        (no shield)
rNeg    + . .        B - +0 robe {rN+}
rPois   +            s - +0 helmet
rElec   .            b - +0 cloak
rCorr   .            A - +0 pair of gloves
SInv    .            (no boots)
Will    .....        j - amulet of Elemental Vulnerability {rPois rF-- rC-- AC+8}
Stlth   ++           x - +6 ring of strength
HPRegen 0.28/turn    (no ring)
MPRegen 0.13/turn

%: no passive effects
@: no status effects
A: fangs 1, strong nose, distributed training
a: no special abilities


You were on level 5 of the Dungeon.
You visited 1 branch of the dungeon, and saw 5 of its levels.

You collected 211 gold pieces.
You spent 24 gold pieces at shops.

Inventory:

Hand Weapons
 a - a +0 spear
 o - a +0 dagger of speed
 z - a +2 spear of distortion (weapon)
Missiles
 g - 5 boomerangs
 h - 5 poisoned darts
Armour
 b - a +0 cloak (worn)
 d - a +0 robe
 s - a +0 helmet (worn)
 A - a +0 pair of gloves (worn)
 B - a +0 robe of positive energy (worn)
Magical Staves
 k - a staff of earth
Jewellery
 j - the amulet of Elemental Vulnerability (around neck) {rPois rF-- rC-- AC+8}
   (You found it on level 3 of the Dungeon)

   [amulet of nothing]

   AC+8:      It affects your AC (+8).
   rF--:      It makes you very vulnerable to fire.
   rC--:      It makes you very vulnerable to cold.
   rPois:     It protects you from poison
 x - a +6 ring of strength (left hand)
Wands
 t - a wand of mindburst (15)
 u - a wand of charming (4)
Scrolls
 c - 3 scrolls of fear
 i - 2 scrolls of poison
 m - 2 scrolls of fog {unknown}
 n - a scroll of teleportation {unknown}
 p - a scroll of blinking {unknown}
 y - 2 scrolls of identify
 C - a scroll of enchant weapon {unknown}
 D - a scroll of noise {unknown}
 E - a scroll of immolation {unknown}
Potions
 e - a potion of heal wounds {unknown}
 f - 3 potions of invisibility
 l - 4 potions of curing
 q - 2 potions of lignification
 r - a potion of attraction
 v - a potion of resistance {unknown}
 w - 2 potions of degeneration {unknown}


   Skills:
 + Level 2.6 Fighting
 + Level 2.6 Short Blades
 + Level 2.6 Long Blades
 + Level 2.6 Axes
 + Level 2.6 Maces & Flails
 + Level 7.1 Polearms
 + Level 2.6 Staves
 + Level 2.6 Ranged Weapons
 + Level 2.6 Throwing
 + Level 2.6 Armour
 + Level 3.7 Dodging
 + Level 3.5 Stealth
 + Level 2.6 Shields
 + Level 2.6 Unarmed Combat
 + Level 3.9 Spellcasting
 + Level 2.1 Conjurations
 + Level 2.1 Hexes
 + Level 4.4 Summonings
 + Level 2.1 Necromancy
 + Level 2.1 Translocations
 + Level 2.1 Transmutations
 + Level 2.1 Fire Magic
 + Level 2.1 Ice Magic
 + Level 2.1 Air Magic
 + Level 2.1 Earth Magic
 + Level 2.1 Poison Magic
 + Level 5.4 Invocations
 + Level 2.6 Evocations
 + Level 2.3 Shapeshifting


You had 11 spell levels left.
You knew the following spells:

 Your Spells              Type           Power      Damage    Failure   Level
a - Summon Small Mammal   Summ           52%        N/A       3%          1
b - Foxfire               Conj/Fire      32%        2x1d5     9%          1

Your spell library contained the following spells:

 Spells                   Type           Power      Damage    Failure   Level
 Ensorcelled Hibernation  Hex/Ice        16%        N/A       13%         2
 Passwall                 Tmut/Erth      6%         N/A       13%         2
 Swiftness                Air            8%         N/A       26%         3
 Animate Armour           Summ/Erth      22%        N/A       47%         4
 Summon Lightning Spire   Summ/Air       11%        N/A       47%         4
 Plasma Beam              Fire/Air       4%         2x1d14    100%        6
 Starburst                Conj/Fire      4%         6d3       100%        6


Dungeon Overview and Level Annotations

Branches:
Dungeon (5/15)
 Temple: D:4-7

Altars:

Shops:
D:1 [   D:3 ?   D:5 (

Annotations:
D:2 1 runed translucent door, Crazy Yiuf
D:3 Sigmund
Abyss:1 Edmund


Innate Abilities, Weirdness & Mutations

You have very sharp teeth.
Your uncanny sense of smell can sniff out nearby items.
Your experience applies equally to all skills.


Message History

A black bear comes into view.
The hound closely misses you.
You hit the hound.
Space warps around the hound.
The hound is heavily wounded.
The hound closely misses you.
You closely miss the hound.
The hound is heavily wounded.
The hound barely misses you. The ogre hits you with a +0 giant club!
You barely miss the hound.
The hound is heavily wounded.
The hound bites you but does no damage.
You puncture the hound!
You kill the hound!
The jelly hits you but does no damage. The ogre misses you.
You hit the jelly.
Space warps around the jelly.
Your hands burn!
The jelly is moderately wounded.
The jelly hits you.
You are splashed with acid!
You hit the jelly but do no damage.
Space warps horribly around the jelly!!
You kill the jelly!
The ogre hits you with a +0 giant club!
* * * LOW HITPOINT WARNING * * *
You are too injured to fight recklessly!
You are too injured to fight recklessly!
You are too injured to fight recklessly!
You are too injured to fight recklessly!
You are too injured to fight recklessly!
You are too injured to fight recklessly!
Casting: Foxfire (safe; 9% risk of failure)
Confirm with . or Enter, or press ? or * to list all spells.
Your bat hits the ogre but does no damage. x2
Your bat hits the ogre. The ogre attacks as it pursues you!
The ogre hits you with a +0 giant club!
* * * LOW HITPOINT WARNING * * *
The black bear attacks as it pursues you!
The black bear misses you.
The black bear claws you but does no damage. x2
Your bat hits the ogre.
The black bear attacks as it pursues you!
The black bear bites you.
You die...

.#.....###. ........# #...
.#.....## #.......## ##..
#......#.####........+ #..
.)......>...#........##∆ ##..
#......##.............# ##...
#.........8...........# #....
...#.....#.#...bO.....# ##...
..........∩...$.h....## #..#
#...............@....#### ####...
#.........<..........##.# #.###..
##.##...#....###........###......
#.8........#.............
..........................
..#...................####
#............##.......#.##
............##..........#
..#.........##.......#..


You could see a black bear, an ogre (distracted, ally target) and a friendly bat
(summoned).

Vanquished Creatures
  2 jellies
  2 hounds (D:5)
  An orc priest (D:4)
  An iguana (D:4)
  Jessica (D:2)
  2 orc wizards (D:4)
  3 adders (D:5)
  A shadow imp (D:5)
  2 ufetubi (D:5)
  2 dart slugs (D:1)
  6 orcs
  8 ball pythons
  2 bats (D:2)
  An endoplasm (D:3)
  A giant cockroach (D:1)
  10 goblins
  7 hobgoblins
  A jackal (D:2)
  8 quokkas
  3 frilled lizards
  4 kobolds
  4 rats
72 creatures vanquished.

Vanquished Creatures (collateral kills)
  Robin (D:2)
  2 adders (D:2)
  A bat (D:2)
  2 endoplasms (D:1)
  2 giant cockroaches
  4 goblins (D:2)
  A hobgoblin (D:2)
  A jackal (D:2)
  A kobold (D:2)
  A frilled lizard (D:1)
16 creatures vanquished.

Vanquished Creatures (others)
  14 foxfires
14 creatures vanquished.

Grand Total: 102 creatures vanquished

Notes
Turn   | Place    | Note
-------+----------+-------------------------------------------
     0 | D:1      | Elsrick the Gnoll Wanderer began the quest for the Orb.
     0 | D:1      | Elsrick set off with the following items: a +0 spear, a +0
                  | cloak, a scroll of fear, a +0 robe; and the following spell
                  | memorised: Summon Small Mammal; and the following spells
                  | available to memorise: Animate Armour, Summon Lightning
                  | Spire.
     0 | D:1      | Reached XP level 1. HP: 13/13 MP: 4/4
   116 | D:1      | Found Zyppaka's Armour Boutique.
   200 | D:1      | Reached XP level 2. HP: 13/19 MP: 5/5
   594 | D:1      | Reached XP level 3. HP: 20/25 MP: 5/7
  1153 | D:2      | Reached skill level 1 in Fighting
  1153 | D:2      | Reached skill level 1 in Short Blades
  1153 | D:2      | Reached skill level 1 in Long Blades
  1153 | D:2      | Reached skill level 1 in Axes
  1153 | D:2      | Reached skill level 1 in Maces & Flails
  1153 | D:2      | Reached skill level 1 in Staves
  1153 | D:2      | Reached skill level 1 in Ranged Weapons
  1153 | D:2      | Reached skill level 1 in Throwing
  1153 | D:2      | Reached skill level 1 in Armour
  1153 | D:2      | Reached skill level 1 in Shields
  1153 | D:2      | Reached skill level 1 in Unarmed Combat
  1153 | D:2      | Reached skill level 1 in Evocations
  1319 | D:2      | Learned a level 1 spell: Foxfire
  1335 | D:2      | Noticed Robin
  1400 | D:2      | Reached XP level 4. HP: 32/32 MP: 4/8
  1535 | D:2      | Reached skill level 1 in Shapeshifting
  1752 | D:2      | Killed Robin
  1896 | D:2      | Reached skill level 1 in Conjurations
  1896 | D:2      | Reached skill level 1 in Hexes
  1896 | D:2      | Reached skill level 1 in Necromancy
  1896 | D:2      | Reached skill level 1 in Translocations
  1896 | D:2      | Reached skill level 1 in Transmutations
  1896 | D:2      | Reached skill level 1 in Fire Magic
  1896 | D:2      | Reached skill level 1 in Ice Magic
  1896 | D:2      | Reached skill level 1 in Air Magic
  1896 | D:2      | Reached skill level 1 in Earth Magic
  1896 | D:2      | Reached skill level 1 in Poison Magic
  1931 | D:2      | Noticed Jessica
  1952 | D:2      | HP: 1/32 [Jessica/+0 dagger (2)]
  1954 | D:2      | Killed Jessica
  2267 | D:2      | Found a runed translucent door.
  2268 | D:2      | Noticed Crazy Yiuf
  2328 | D:3      | Reached XP level 5. HP: 31/37 MP: 7/9
  2545 | D:3      | Found Tingor's Magic Scroll Shoppe.
  2555 | D:3      | Bought a scroll of identify for 24 gold pieces
  2600 | D:3      | Noticed Sigmund
  2719 | D:3      | Found the amulet of Elemental Vulnerability {rPois rF--
                  | rC-- AC+8}
  3483 | D:4      | Reached skill level 5 in Invocations
  3492 | D:4      | Noticed Edmund
  3495 | D:4      | Banished Edmund
  3496 | D:4      | Reached XP level 6. HP: 39/44 MP: 9/11
  4226 | D:5      | Entered Level 5 of the Dungeon
  4231 | D:5      | Reached XP level 7. HP: 50/50 MP: 12/12
  4286 | D:5      | Reached skill level 7 in Polearms
  4418 | D:5      | Found Obuatike's Antique Weapon Emporium.
  4433 | D:5      | HP: 2/51 [ogre/+0 giant club (13)]
  4434 | D:5      | Slain by a black bear

Illustrated notes

Levels and vault maps discovered:
D:1:      dpeg_arrival_rhombus, layout_basic, serial_shops, shop,
          minmay_quantized
D:2:      layout_basic, uniq_jessica, uniq_robin, uniq_crazy_yiuf_cottage
D:3:      wad_woods_tower, layout_basic, mainiacjoe_overflow_chevrons,
          basic_ecumenical_altar, serial_shops, shop, grunt_decor_resistance,
          minmay_checkerbox, uniq_sigmund
D:4:      nicolae_cairo_tiling, layout_gridville, uniq_edmund
D:5:      layout_cave_pools, chequers_temple_overflow_minitemple,
          lemuel_temple_firewalk_a, serial_shops, shop_statue, shop_statue

Skill      XL: |  1  2  3  4  5  6  7 |
---------------+----------------------+-----
Fighting       | 1 2 |  2.6
Short Blades   | 1 2 |  2.6
Long Blades    | 1 2 |  2.6
Axes           | 1 2 |  2.6
Maces & Flails | 1 2 |  2.6
Staves         | 1 2 |  2.6
Ranged Weapons | 1 2 |  2.6
Throwing       | 1 2 |  2.6
Armour         | 1 2 |  2.6
Shields        | 1 2 |  2.6
Unarmed Combat | 1 2 |  2.6
Evocations     | 1 2 |  2.6
Shapeshifting  | 1 2 |  2.3
Spellcasting   | 3 |  3.9
Conjurations   | 1 2 |  2.1
Hexes          | 1 2 |  2.1
Necromancy     | 1 2 |  2.1
Translocations | 1 2 |  2.1
Transmutations | 1 2 |  2.1
Fire Magic     | 1 2 |  2.1
Ice Magic      | 1 2 |  2.1
Air Magic      | 1 2 |  2.1
Earth Magic    | 1 2 |  2.1
Poison Magic   | 1 2 |  2.1
Dodging        | 3 |  3.7
Summonings     | 4 |  4.4
Invocations    | 5 |  5.4
Stealth        | 3 |  3.5
Polearms       | 7 |  7.1

Action                     |  1- 3 |  4- 6 |  7- 9 || total
---------------------------+-------+-------+-------++-------
  Melee: Spear             |    54 |    43 |    33 ||   130
         Bite              |    12 |    26 |     3 ||    41
         Staff             |    29 |   184 |       ||   213
         Punch             |     1 |     3 |     1 ||     5
   Cast: Summon Small Mamm |    20 |    31 |     1 ||    52
         Foxfire           |     4 |     6 |     1 ||    11
    Use: Scroll            |       |     5 |       ||     5
   Stab: Sleeping          |     5 |     3 |       ||     8
         Distracted        |       |     2 |       ||     2
 Armour: Robe              |    40 |   117 |    21 ||   178
  Dodge: Dodged            |    47 |   163 |    19 ||   229

Table legend: (Time is in decaauts)
 A = Elapsed time spent in this place.
 B = Non-inter-level travel time spent in this place.
 C = Inter-level travel time spent in this place.
 D = Time resting spent in this place.
 E = Time spent auto-exploring this place.
 F = Levels seen in this place.
 G = Mean time per level.
                   A        B        C        D        E       F      G
               +--------+--------+--------+--------+--------+-----+--------+
         Total |   4431 |   4205 |    226 |    649 |   1647 |   5 |  886.2 |
       Dungeon |   4431 |   4205 |    226 |    649 |   1647 |   5 |  886.2 |
               +--------+--------+--------+--------+--------+-----+--------+

Top non-repeatable levels by time:
     D:2: 1258 daAuts
     D:1: 1030 daAuts
     D:3: 1029 daAuts
     D:4: 913 daAuts
     D:5: 200 daAuts
